[Event "Titled Tuesday Blitz August 15 Late 2023"]
[White "ArtemDyachuk"]
[Black "Klukin, Kirill"]
[BlackFideId "24199273"]
[WhiteElo "2529"]
[BlackElo "2832"]
[Result "1/2-1/2"]
[Round "2"]
[TimeControl "180+1"]
[Date "2023.08.15"]
[WhiteClock "0:00:09"]
[BlackClock "0:00:14"]
[Board "41"]

1. e4 c5 2. Nf3 Nc6 3. Bb5 g6 4. O-O Bg7 5. Bxc6 bxc6 6. d3 d6 7. e5 Be6 8. Nc3 Nh6 9. exd6 exd6 10. Bg5 f6 11. Bxh6 Bxh6 12. Re1 Kf7 13. d4 Re8 14. dxc5 d5 15. Nd4 Bd7 16. Qf3 Qc7 17. Nxd5 cxd5 18. Qxd5+ Kg7 19. c6 Bf5 20. Nb5 Qf7 21. Qxf7+ Kxf7 22. Rxe8 Rxe8 23. Nd6+ Kf8 24. Nxe8 Kxe8 25. Rd1 Bf4 26. c4 Bc7 27. h3 a5 28. Kf1 Bb6 29. Ke2 Be4 30. f3 Bf5 31. g4 Be6 32. b3 Ke7 33. Kd3 Kd6 34. g5 fxg5 35. Ke4+ Kxc6 36. Ke5 Bf5 37. Kf6 Be3 38. Rd5 Bb6 39. Kxg5 Bb1 40. Kh6 Bxa2 41. Kxh7 Bxb3 42. Kxg6 Bxc4 43. Rxa5 Bxa5 44. h4 Bd3+ 45. Kg7 Bc3+ 46. Kg8 Bg6 47. f4 Kd6 48. h5 Bxh5 49. Kh7 Ke6 50. Kh6 Bg4 51. Kg5 Bf5 52. Kh4 Bf6+ 53. Kg3 Kd5 54. Kf3 Kd4 55. Kf2 Ke4 56. Kg3 Be7 57. Kg2 Kxf4 58. Kf2 Be4 59. Ke2 Bb4 60. Kd1 Bc3 61. Kc1 Ke3 62. Kd1 Bd3 63. Kc1 Ke2 1/2-1/2


[Site "https://www.chess.com"]

[Event "Titled Tuesday Blitz August 15 Late 2023"]
[White "Pakleza, Zbigniew"]
[Black "Urbina Perez, Juan Antonio"]
[WhiteFideId "1119290"]
[BlackFideId "2217368"]
[WhiteElo "2825"]
[BlackElo "2528"]
[Result "1-0"]
[Round "2"]
[TimeControl "180+1"]
[Date "2023.08.15"]
[WhiteClock "0:00:50"]
[BlackClock "0:01:14"]
[Board "42"]

1. d4 d5 2. Bf4 c5 3. c3 cxd4 4. cxd4 Nc6 5. e3 Nf6 6. Nc3 a6 7. Nf3 Bg4 8. Bd3 e6 9. Qb3 Ra7 10. Ne5 Nxe5 11. Bxe5 Bd6 12. Qa4+ Ke7 13. Nb5 axb5 14. Qxa7 Bxe5 15. dxe5 Nd7 16. Qd4 Qa5+ 17. b4 Qa3 18. O-O h5 19. h3 Bf5 20. Bxf5 exf5 21. Qxd5 Qxb4 22. Rab1 Qc4 23. Qd6+ Ke8 24. Rfc1 1-0


[Site "https://www.chess.com"]

[Event "Titled Tuesday Blitz August 15 Late 2023"]
[White "subham777"]
[Black "Maksimovic, Bojan"]
[BlackFideId "14408120"]
[WhiteElo "2528"]
[BlackElo "2810"]
[Result "1-0"]
[Round "2"]
[TimeControl "180+1"]
[Date "2023.08.15"]
[WhiteClock "0:01:02"]
[BlackClock "0:00:00"]
[Board "43"]

1. e4 g6 2. d4 Nf6 3. Bd3 c5 4. c3 cxd4 5. cxd4 Nc6 6. Nf3 Bg7 7. Nc3 O-O 8. O-O d6 9. Re1 Bg4 10. Be3 e5 11. d5 Nd4 12. Be2 Nxe2+ 13. Qxe2 Nh5 14. h3 Bd7 15. Rac1 Nf4 16. Bxf4 exf4 17. a3 Qb6 18. e5 Rfe8 19. e6 fxe6 20. dxe6 Rxe6 21. Qc4 Re8 22. Ng5 d5 23. Qxd5 Qxb2 24. Nxe6 Bxe6 25. Rxe6 1-0


[Site "https://www.chess.com"]

[Event "Titled Tuesday Blitz August 15 Late 2023"]
[White "Mekhitarian, Krikor Sevag"]
[Black "Nanu, Costica-Ciprian"]
[WhiteFideId "2107660"]
[BlackFideId "1204580"]
[WhiteElo "2809"]
[BlackElo "2527"]
[Result "1-0"]
[Round "2"]
[TimeControl "180+1"]
[Date "2023.08.15"]
[WhiteClock "0:01:22"]
[BlackClock "0:01:01"]
[Board "44"]

1. Nf3 d5 2. c4 dxc4 3. e3 Nf6 4. Bxc4 e6 5. O-O c5 6. b3 Nc6 7. Bb2 Be7 8. Be2 O-O 9. d3 b6 10. a3 Bb7 11. Nbd2 Qc7 12. Qc2 Rad8 13. h3 Qb8 14. Rfe1 Rd7 15. Bf1 Rfd8 16. Rac1 Ba6 17. Nc4 b5 18. Nce5 Rc7 19. Nxc6 Rxc6 20. b4 Rcc8 21. Bxf6 cxb4 22. Bxe7 Rxc2 23. Rxc2 b3 24. Rb2 Re8 25. Bb4 Bb7 26. Rxb3 Bxf3 27. gxf3 Qb7 28. f4 f6 29. Bg2 Qc7 30. Rc3 Qd8 31. Rec1 a5 32. Rc8 Qxc8 33. Rxc8 Rxc8 34. Bxa5 Rc1+ 35. Kh2 Rc2 36. Kg3 Kf7 37. d4 h5 38. h4 f5 39. Bb4 Rb2 40. Bf1 1-0


[Site "https://www.chess.com"]

[Event "Titled Tuesday Blitz August 15 Late 2023"]
[White "Leenhouts, Koen"]
[Black "Riehle, Marco"]
[WhiteFideId "1008439"]
[BlackFideId "12904392"]
[WhiteElo "2526"]
[BlackElo "2803"]
[Result "1-0"]
[Round "2"]
[TimeControl "180+1"]
[Date "2023.08.15"]
[WhiteClock "0:00:39"]
[BlackClock "0:00:14"]
[Board "45"]

1. d4 d5 2. c4 e6 3. Nf3 Nf6 4. g3 dxc4 5. Bg2 Bb4+ 6. Bd2 a5 7. O-O O-O 8. Qc2 Bxd2 9. Nbxd2 b5 10. a4 c6 11. e3 Nbd7 12. Rfc1 Nb6 13. Ne5 Nxa4 14. Nxc6 Qc7 15. Nxc4 Bb7 16. N4e5 Nd5 17. Bxd5 exd5 18. b3 Nb6 19. Nxa5 Qxc2 20. Rxc2 Rfc8 21. Rc5 b4 22. Rb5 Ra6 23. Rxb4 f6 24. Nd3 Rca8 25. Nc5 Rxa5 26. Rxa5 Rxa5 27. Rxb6 Ba8 28. Rb8+ Kf7 29. b4 Ra1+ 30. Kg2 g5 31. b5 h5 32. Rc8 h4 33. gxh4 gxh4 34. b6 Kg6 35. b7 Bxb7 36. Nxb7 Ra2 37. Nc5 h3+ 38. Kf3 Kf5 39. Rh8 Ra1 40. Rxh3 Rg1 41. Rh5+ Kg6 42. Rxd5 Rh1 43. Rd6 Rg1 44. Ne4 Kf7 45. Rxf6+ Kg7 46. Rf4 Ra1 47. h4 Kg6 48. Rg4+ Kf5 49. Ng3+ Ke6 50. h5 Kd5 51. Rg5+ Kc4 52. h6 Ra7 53. Rg7 Ra6 54. h7 Rh6 55. Nf5 Rh1 56. Kf4 Kb3 57. d5 Kb2 58. d6 Rc1 59. Rb7+ Kc2 60. Rc7+ 1-0


[Site "https://www.chess.com"]

[Event "Titled Tuesday Blitz August 15 Late 2023"]
[White "Yanchenko, Roman"]
[Black "Morgunov, Marc"]
[WhiteFideId "4137329"]
[BlackFideId "1640305"]
[WhiteElo "2793"]
[BlackElo "2524"]
[Result "1-0"]
[Round "2"]
[TimeControl "180+1"]
[Date "2023.08.15"]
[WhiteClock "0:00:10"]
[BlackClock "0:00:03"]
[Board "46"]

1. d4 Nf6 2. Nf3 g6 3. Bf4 Bg7 4. e3 O-O 5. Be2 d6 6. h3 c5 7. O-O Qb6 8. Nc3 Nc6 9. a3 a6 10. dxc5 Qxc5 11. Na4 Qa7 12. c4 Bd7 13. Nc3 Rac8 14. Rc1 Na5 15. b4 Nxc4 16. Bxc4 Rxc4 17. Nd5 Nxd5 18. Rxc4 Bb5 19. Qxd5 e6 20. Qxd6 Bxc4 21. Rc1 Bd5 22. Be5 Bxf3 23. Bxg7 Kxg7 24. gxf3 Qb8 25. Rc7 b5 26. Qf4 Qd8 27. Ra7 Qb6 28. Rd7 Qc6 29. Qd4+ Kg8 30. Kg2 e5 31. Qd6 Rc8 32. Qe7 Rf8 33. Rd6 Qc3 34. Rxa6 h5 35. Qd7 Qc4 36. Ra7 e4 37. f4 Qe2 38. Rc7 Qf3+ 39. Kg1 Qe2 40. Rc5 Qe1+ 41. Kg2 Qe2 42. Rxb5 Qf3+ 43. Kg1 Kg7 44. Rg5 Ra8 45. f5 Rxa3 46. Rxg6+ Kf8 47. Qd8# 1-0


[Site "https://www.chess.com"]

[Event "Titled Tuesday Blitz August 15 Late 2023"]
[White "Grinev, Valeriy"]
[Black "Troff, Kayden"]
[WhiteFideId "14117517"]
[BlackFideId "2047896"]
[WhiteElo "2524"]
[BlackElo "2786"]
[Result "1-0"]
[Round "2"]
[TimeControl "180+1"]
[Date "2023.08.15"]
[WhiteClock "0:02:05"]
[BlackClock "0:00:14"]
[Board "47"]

1. d4 Nf6 2. c4 g6 3. Nc3 d5 4. cxd5 Nxd5 5. e4 Nxc3 6. bxc3 Bg7 7. Nf3 c5 8. h3 O-O 9. Be2 cxd4 10. cxd4 Nc6 11. Be3 Qa5+ 12. Bd2 Qa3 13. d5 Nd4 14. Nxd4 Bxd4 15. O-O Bg7 16. Rb1 b6 17. Bb4 Qxa2 18. Bxe7 Re8 19. d6 Bd7 20. Rc1 Qe6 21. Bg4 f5 22. exf5 gxf5 23. Bf3 Kh8 24. Re1 Qg6 25. Rc7 Rad8 26. Bh5 Qh6 27. Bxe8 Rxe8 28. Rxd7 Rg8 29. Rd8 Bc3 30. Rxg8+ Kxg8 31. Qb3+ 1-0


[Site "https://www.chess.com"]

[Event "Titled Tuesday Blitz August 15 Late 2023"]
[White "Hambleton, Aman"]
[Black "Khandelwal, Ankush"]
[WhiteFideId "2606577"]
[BlackFideId "413470"]
[WhiteElo "2783"]
[BlackElo "2522"]
[Result "1-0"]
[Round "2"]
[TimeControl "180+1"]
[Date "2023.08.15"]
[WhiteClock "0:00:47"]
[BlackClock "0:01:34"]
[Board "48"]

1. d4 f5 2. c4 Nf6 3. h4 d6 4. Nf3 Nc6 5. d5 Ne5 6. Nc3 Nxc4 7. Qa4+ c6 8. Qxc4 cxd5 9. Nxd5 Qa5+ 10. Nc3 Bd7 11. Bd2 Rc8 12. Qb3 Qc7 13. Ng5 g6 14. Qf7+ Kd8 15. e3 Bh6 16. Ne6+ Bxe6 17. Qxe6 Rf8 18. Be2 Nd7 19. Nd5 1-0


[Site "https://www.chess.com"]

[Event "Titled Tuesday Blitz August 15 Late 2023"]
[White "Kashefi, Amir Hosein"]
[Black "Tristan, Leonardo"]
[WhiteFideId "12557935"]
[BlackFideId "113816"]
[WhiteElo "2522"]
[BlackElo "2779"]
[Result "0-1"]
[Round "2"]
[TimeControl "180+1"]
[Date "2023.08.15"]
[WhiteClock "0:00:08"]
[BlackClock "0:01:34"]
[Board "49"]

1. e4 d5 2. exd5 Qxd5 3. Nf3 Bg4 4. Be2 Nc6 5. Nc3 Qd7 6. h3 Bh5 7. O-O O-O-O 8. d3 Nf6 9. Re1 e6 10. a3 Bxf3 11. Bxf3 Nd4 12. Be3 Bc5 13. b4 Nxf3+ 14. Qxf3 Bxe3 15. Qxe3 Kb8 16. a4 Qd4 17. Nb5 Qxe3 18. fxe3 Nd5 19. e4 Nxb4 20. Rac1 Na2 21. Rb1 a6 22. Rb2 axb5 23. Rxa2 b4 24. Rf1 f6 25. Rb1 c5 26. Kf2 Rd7 27. Ke3 Rhd8 28. a5 Ka7 29. a6 bxa6 30. Ra5 Rc7 31. Rba1 Rd6 32. g4 Kb7 33. h4 Rb6 34. h5 h6 35. Kf4 c4 36. d4 c3 37. Rb1 b3 38. cxb3 c2 39. Rc1 Rxb3 40. Rc5 Rxc5 41. dxc5 Rc3 42. e5 Kc6 43. exf6 gxf6 44. Ke4 Kxc5 45. Kf4 Kd4 46. g5 fxg5+ 47. Kg4 Kd3 48. Kf3 Kd2+ 49. Kf2 Kxc1 0-1


[Site "https://www.chess.com"]

[Event "Titled Tuesday Blitz August 15 Late 2023"]
[White "Rustemov, Alexander"]
[Black "elpera"]
[WhiteFideId "4119002"]
[WhiteElo "2777"]
[BlackElo "2521"]
[Result "1-0"]
[Round "2"]
[TimeControl "180+1"]
[Date "2023.08.15"]
[WhiteClock "0:00:31"]
[BlackClock "0:00:02"]
[Board "50"]

1. d4 f5 2. c4 Nf6 3. Nf3 g6 4. g3 Bg7 5. Bg2 O-O 6. O-O d6 7. Nc3 c6 8. Qc2 Na6 9. Rb1 Qe8 10. b4 e5 11. b5 Nc7 12. bxc6 bxc6 13. dxe5 dxe5 14. Ba3 Rf7 15. Ng5 Rd7 16. Bxc6 h6 17. Nf3 Ba6 18. Nd5 Ncxd5 19. cxd5 Qd8 20. Nxe5 Rc7 21. Qa4 Bxe2 22. Rfe1 Nxd5 23. Bxa8 Nc3 24. Qb3+ Kh7 25. Bf3 Bxe5 26. Bxe2 Nxb1 27. Qxb1 Bg7 28. Bc1 Qf6 29. Be3 a6 30. Qd3 a5 31. Rd1 Qf7 32. Qd5 Qe7 33. Qxa5 Rc5 34. Qxc5 Qe8 1-0


[Site "https://www.chess.com"]

[Event "Titled Tuesday Blitz August 15 Late 2023"]
[White "Janaszak, Dawid"]
[Black "Bazeev, German"]
[WhiteFideId "1119206"]
[BlackFideId "24119350"]
[WhiteElo "2518"]
[BlackElo "2772"]
[Result "0-1"]
[Round "2"]
[TimeControl "180+1"]
[Date "2023.08.15"]
[WhiteClock "0:00:00"]
[BlackClock "0:00:08"]
[Board "51"]

1. e4 c5 2. Nc3 Nc6 3. Bb5 g6 4. Bxc6 dxc6 5. d3 Bg7 6. Be3 c4 7. Nge2 cxd3 8. cxd3 Nf6 9. h3 e5 10. Qd2 O-O 11. O-O Be6 12. Rfd1 Qe7 13. Bh6 Rfd8 14. Bxg7 Kxg7 15. d4 exd4 16. Nxd4 Bc4 17. Qe3 Nd7 18. Rac1 Ba6 19. f4 Nb6 20. e5 Nd5 21. Qg3 Kh8 22. Ne4 f6 23. Nd6 fxe5 24. fxe5 Rf8 25. Re1 Rf4 26. Rcd1 Raf8 27. Kh1 Bf1 28. Nf3 Bxg2+ 29. Kxg2 Rxf3 30. Qxf3 Rxf3 31. Kxf3 Qf8+ 32. Kg2 Qf4 33. e6 Ne3+ 34. Rxe3 Qxe3 35. Nf7+ Kg7 36. Rd7 Kf6 37. Nd8 Qe4+ 38. Kg1 Qb1+ 39. Kg2 Qxb2+ 40. Kg3 Qa3+ 41. Kg2 Qxa2+ 42. Kg3 Qa3+ 43. Kg2 Qb2+ 44. Kg3 Qe5+ 45. Kg2 Qe4+ 46. Kf2 b5 47. Rf7+ Kg5 48. e7 b4 49. Rf3 Qxe7 50. Nf7+ Kh5 51. Kg3 Qe1+ 52. Kf4 b3 53. Ne5 Qd2+ 54. Ke4 Qe2+ 55. Re3 Qxe3+ 56. Kxe3 b2 0-1


[Site "https://www.chess.com"]

[Event "Titled Tuesday Blitz August 15 Late 2023"]
[White "Badmatsyrenov, Oleg"]
[Black "Berezin, Viktor"]
[WhiteFideId "24115762"]
[BlackFideId "14107872"]
[WhiteElo "2764"]
[BlackElo "2518"]
[Result "1-0"]
[Round "2"]
[TimeControl "180+1"]
[Date "2023.08.15"]
[WhiteClock "0:01:07"]
[BlackClock "0:00:07"]
[Board "52"]

1. e4 c6 2. d4 d5 3. Nc3 dxe4 4. Bc4 Nf6 5. f3 e3 6. Bxe3 Bf5 7. g4 Bg6 8. Nge2 e6 9. Nf4 Nd5 10. Bxd5 cxd5 11. h4 f6 12. Nxg6 hxg6 13. Qd3 f5 14. O-O-O Nc6 15. Ne2 Rc8 16. Kb1 Bd6 17. Bg5 Qa5 18. c3 b5 19. Nf4 Bxf4 20. Bxf4 b4 21. c4 Kf7 22. c5 b3 23. a3 Qd8 24. Bg5 Qc7 25. h5 Rb8 26. hxg6+ Kxg6 27. Qe3 Kf7 28. Bf4 e5 29. dxe5 Qd7 30. e6+ Qxe6 31. Qxe6+ Kxe6 32. Bxb8 Rxb8 33. gxf5+ Kxf5 34. Rxd5+ Kf4 35. Rh4+ Kxf3 36. Rd3+ Ke2 37. Rc3 g5 38. Rh2+ 1-0


[Site "https://www.chess.com"]

[Event "Titled Tuesday Blitz August 15 Late 2023"]
[White "Kushko, Dmitriy"]
[Black "RrainlessBobot"]
[WhiteFideId "14162261"]
[WhiteElo "2757"]
[BlackElo "2515"]
[Result "1/2-1/2"]
[Round "2"]
[TimeControl "180+1"]
[Date "2023.08.15"]
[WhiteClock "0:00:08"]
[BlackClock "0:00:06"]
[Board "53"]

1. Nf3 Nf6 2. g3 g6 3. Bg2 Bg7 4. d4 O-O 5. O-O d6 6. Re1 c5 7. dxc5 dxc5 8. c3 Nc6 9. Qxd8 Rxd8 10. Be3 b6 11. Ne5 Nxe5 12. Bxa8 Nc4 13. Bc1 Bg4 14. Bf3 h5 15. b3 Bxf3 16. exf3 Ne5 17. Kg2 Nd3 18. Rf1 Nd5 19. Bd2 b5 20. a3 c4 21. bxc4 bxc4 22. a4 Nc5 23. Na3 Nb3 24. Ra2 Nxd2 25. Rxd2 Nf4+ 26. gxf4 Rxd2 27. Nxc4 Ra2 28. a5 Bxc3 29. Rd1 Ra4 30. Rd8+ Kg7 31. Rc8 Bxa5 32. Nxa5 Rxa5 33. Rc7 e6 34. h4 Kf6 35. Kg3 Ra1 36. Rb7 a5 37. Ra7 a4 38. Ra5 a3 39. Kg2 Ke7 40. Ra7+ Kd6 41. Rxf7 Rb1 42. Ra7 Rb3 43. Ra6+ Kd5 44. Kg3 Rc3 45. f5 gxf5 46. Kf4 Kc5 47. Rxe6 Kb5 48. Re2 Rc4+ 49. Kg5 Kb4 50. Kxh5 Rf4 51. Kg5 Rxf3 52. h5 Rh3 53. Kxf5 Rxh5+ 54. Kg6 Rh2 55. Re4+ Kb3 56. f4 a2 57. Re1 Rb2 58. Ra1 Rb1 59. Rxa2 Kxa2 60. f5 Kb3 61. f6 Kc4 62. f7 Rf1 63. Kg7 Kd5 64. f8=Q Rxf8 65. Kxf8 1/2-1/2


[Site "https://www.chess.com"]

[Event "Titled Tuesday Blitz August 15 Late 2023"]
[White "Dragomirescu, Robin-Alexandru"]
[Black "Kim, Yoon-Young"]
[WhiteFideId "1213849"]
[BlackFideId "30908779"]
[WhiteElo "2515"]
[BlackElo "2756"]
[Result "1-0"]
[Round "2"]
[TimeControl "180+1"]
[Date "2023.08.15"]
[WhiteClock "0:00:06"]
[BlackClock "0:00:03"]
[Board "54"]

1. b3 d5 2. Bb2 Bf5 3. e3 e6 4. Nf3 Nf6 5. d3 Be7 6. Nbd2 h6 7. Qe2 Bh7 8. e4 c5 9. g3 Nc6 10. Bg2 O-O 11. O-O a5 12. e5 Nd7 13. Rfe1 a4 14. Nf1 b5 15. h4 Qc7 16. h5 Rfc8 17. Ne3 Nb4 18. Ng4 Bf8 19. a3 Nc6 20. bxa4 Rxa4 21. Bh3 c4 22. Qe3 Rca8 23. dxc4 bxc4 24. Nd4 Rb8 25. Bc3 Rxa3 26. Rxa3 Bxa3 27. Nxh6+ gxh6 28. Qxh6 Nxd4 29. Bxd4 Bf8 30. Qg5+ Kh8 31. Qf4 Qd8 32. Qxf7 Qe7 33. Qxe7 Bxe7 34. Bxe6 Nb6 35. Bxb6 Rxb6 36. Bxd5 c3 37. Bb3 Bc5 38. Rd1 Kg7 39. Kf1 Bf5 40. Ke2 Bg4+ 41. f3 Bxh5 42. Rd3 Bb4 43. g4 Bg6 44. Rd7+ Kh6 45. f4 Be4 46. Ke3 Bg6 47. f5 Bc5+ 48. Kf4 Be8 49. g5+ Kh5 50. Rh7+ Rh6 51. Rxh6# 1-0


[Site "https://www.chess.com"]

[Event "Titled Tuesday Blitz August 15 Late 2023"]
[White "Morefield, Jason"]
[Black "Marra, Eduardo da Costa"]
[WhiteFideId "30920825"]
[BlackFideId "2106990"]
[WhiteElo "2752"]
[BlackElo "2514"]
[Result "1-0"]
[Round "2"]
[TimeControl "180+1"]
[Date "2023.08.15"]
[WhiteClock "0:00:03"]
[BlackClock "0:00:02"]
[Board "55"]

1. Nf3 c5 2. g3 Nc6 3. Bg2 g6 4. O-O Bg7 5. c4 d6 6. d3 Nf6 7. Nc3 Qd7 8. a3 O-O 9. Rb1 a5 10. Nd5 Nxd5 11. cxd5 Nd4 12. Nd2 Qg4 13. f3 Qh5 14. e3 Nb5 15. f4 Bg4 16. Qb3 Nc7 17. Qxb7 Rfc8 18. Qb3 a4 19. Qc4 Rcb8 20. b4 axb3 21. Rxb3 Bh3 22. Bxh3 Qxh3 23. Rxb8+ Rxb8 24. Qe4 Qd7 25. Nc4 f5 26. Qf3 Rb3 27. Qd1 Qb5 28. g4 Nxd5 29. gxf5 gxf5 30. Kh1 Nf6 31. Rf3 Qb7 32. Kg1 Rb1 33. Rg3 Kh8 34. Qc2 Nd5 35. Kf2 Bf6 36. e4 fxe4 37. dxe4 Bd4+ 38. Kg2 Nf6 39. Nd2 Ra1 40. Nb3 Rxc1 41. Nxc1 Nxe4 42. Rf3 Nf6 43. Qd3 Qb2+ 44. Ne2 Kg7 45. Kh3 Kf7 46. Rg3 Qa1 47. Nxd4 Qf1+ 48. Qxf1 cxd4 49. Kg2 Ne4 50. Qd3 d5 51. Qxd4 Nf6 52. Qe5 e6 53. f5 Nd7 54. Qxe6+ 1-0


[Site "https://www.chess.com"]

[Event "Titled Tuesday Blitz August 15 Late 2023"]
[White "Poltorak, Sebastian"]
[Black "Schmakel, Sam"]
[WhiteFideId "1199498"]
[BlackFideId "2039311"]
[WhiteElo "2513"]
[BlackElo "2749"]
[Result "1/2-1/2"]
[Round "2"]
[TimeControl "180+1"]
[Date "2023.08.15"]
[WhiteClock "0:00:06"]
[BlackClock "0:00:07"]
[Board "56"]

1. c4 e6 2. Nc3 Nf6 3. e4 c5 4. Nf3 Nc6 5. e5 Ng4 6. d4 cxd4 7. Nxd4 Ngxe5 8. Ndb5 d6 9. Ne4 d5 10. cxd5 exd5 11. Qxd5 Bb4+ 12. Bd2 O-O 13. Qxd8 Rxd8 14. Rd1 Bg4 15. Be2 Nd3+ 16. Kf1 Nxb2 17. Rb1 Bxe2+ 18. Kxe2 Bxd2 19. Nxd2 Nd3 20. Rhd1 Rd7 21. Nf3 Rad8 22. g3 f6 23. Nc3 Kf7 24. Kf1 Nc5 25. Rxd7+ Rxd7 26. Ke2 a6 27. Kf1 b5 28. Ne2 Na5 29. Rc1 Nc4 30. Nf4 Nd3 31. Rd1 Nc5 32. Rxd7+ Nxd7 33. Nd5 Nc5 34. Nc7 Ke7 35. Nd4 Kd7 36. Nd5 g6 37. Nxf6+ Kd6 38. Nxh7 b4 39. Nc2 a5 40. Nf8 g5 41. Nh7 Ne6 42. h4 gxh4 43. gxh4 Nf4 44. Ng5 Kc5 45. Ne4+ Kd5 46. Ng3 a4 47. Nxb4+ Kc5 48. Nc2 Ne5 49. h5 Kc4 50. h6 Kc3 51. Ne3 Kb2 52. h7 Nfg6 53. f4 Nf7 54. f5 Ne7 55. f6 Ng6 56. Nc4+ Kxa2 57. Nb6 a3 58. Nc4 Kb3 59. Nxa3 Kxa3 60. Nf5 Kb4 61. Ne7 Ngh8 62. Kf2 Kc5 63. Ng8 Kd6 64. Kf3 Ke6 65. Kf4 Ng6+ 66. Kg4 Ngh8 67. Kh5 Kf5 68. Nh6+ Nxh6 69. Kxh6 Kxf6 70. Kh5 Kg7 71. Kg4 Kxh7 1/2-1/2


[Site "https://www.chess.com"]

[Event "Titled Tuesday Blitz August 15 Late 2023"]
[White "Stearman, Josiah"]
[Black "Yurtseven, Melih"]
[WhiteFideId "2062496"]
[BlackFideId "6312160"]
[WhiteElo "2747"]
[BlackElo "2513"]
[Result "1-0"]
[Round "2"]
[TimeControl "180+1"]
[Date "2023.08.15"]
[WhiteClock "0:00:20"]
[BlackClock "0:00:05"]
[Board "57"]

1. e4 c5 2. Nc3 g6 3. g3 Bg7 4. Bg2 Nc6 5. d3 Rb8 6. Be3 d6 7. Qd2 b5 8. Nge2 b4 9. Nd1 h5 10. h3 Ba6 11. a3 b3 12. c4 e6 13. Ndc3 Nd4 14. O-O Nc2 15. Rad1 Nxe3 16. fxe3 Ne7 17. Kh2 O-O 18. Nf4 Nc6 19. h4 Ne5 20. Bh3 Qe7 21. Qe2 Bh6 22. Rf2 Kh7 23. Rdf1 Rg8 24. a4 Rg7 25. Nb5 Bxb5 26. axb5 a6 27. bxa6 Ra8 28. Ra1 Ra7 29. Qd1 Rg8 30. Qxb3 Rga8 31. Qb5 Qc7 32. Ra3 Nc6 33. Nxe6 fxe6 34. Bxe6 Nd8 35. Bd5 Rb8 36. Qe8 Bg7 37. g4 Nb7 38. Qf7 Qxf7 39. Rxf7 hxg4 40. Rxb7 Rba8 41. Rxa7 Rxa7 42. Bb7 Bxb2 43. Rb3 Be5+ 44. Kg2 Kh6 45. Rb6 Kh5 46. d4 cxd4 47. exd4 Bf4 48. c5 dxc5 49. dxc5 Kxh4 50. Rxg6 Be5 51. c6 Bf4 52. Rg7 Be5 53. c7 Bxc7 54. Rxc7 Kg5 55. Rg7+ Kh4 56. e5 Kh5 57. e6 Kh4 58. e7 Kh5 59. e8=Q+ Kh4 60. Qh8# 1-0


[Site "https://www.chess.com"]

[Event "Titled Tuesday Blitz August 15 Late 2023"]
[White "Ghazarian, Kirk"]
[Black "Aydin, Gulenay"]
[WhiteFideId "30908604"]
[BlackFideId "34557431"]
[WhiteElo "2744"]
[BlackElo "2512"]
[Result "1-0"]
[Round "2"]
[TimeControl "180+1"]
[Date "2023.08.15"]
[WhiteClock "0:00:05"]
[BlackClock "0:00:02"]
[Board "58"]

1. e4 c5 2. b3 d6 3. Bb2 Nc6 4. Bb5 e5 5. Nc3 g6 6. Nge2 Bg7 7. O-O Ne7 8. f4 O-O 9. Kh1 a6 10. Bc4 b5 11. Bd5 Nxd5 12. Nxd5 Ne7 13. Nxe7+ Qxe7 14. Nc3 Bb7 15. Nd5 Bxd5 16. exd5 exf4 17. Bxg7 Kxg7 18. Qf3 Rae8 19. Qxf4 Qe5 20. Qf3 f5 21. h3 Qd4 22. d3 Re5 23. c4 Re3 24. Qf2 Rxd3 25. Qe2 Re3 26. Qf2 bxc4 27. bxc4 Rfe8 28. Rac1 Rd3 29. Qc2 Rd2 30. Qb3 Ree2 31. Rg1 Kh6 32. Qg3 Qe3 33. Qxd6 f4 34. Qf8+ Kh5 35. Qc8 Rxg2 36. Rxg2 Rxg2 37. Kxg2 Qxc1 38. Qg4+ Kh6 39. Qh4+ Kg7 40. Qe7+ Kh6 41. d6 Qd2+ 42. Kf3 Qd3+ 43. Kxf4 Qxc4+ 44. Ke5 Qe2+ 45. Kf6 Qf3+ 46. Ke5 Qe3+ 47. Kd5 Qd3+ 48. Kc6 Qc3 49. d7 Qf3+ 50. Kc7 Qf4+ 51. Qd6 Qf7 52. Kc8 c4 53. d8=Q Qf5+ 54. Q8d7 c3 1-0


[Site "https://www.chess.com"]

[Event "Titled Tuesday Blitz August 15 Late 2023"]
[White "Mickiewicz, Piotr"]
[Black "Boruchovsky, Avital"]
[WhiteFideId "1114891"]
[BlackFideId "2800055"]
[WhiteElo "2512"]
[BlackElo "2739"]
[Result "0-1"]
[Round "2"]
[TimeControl "180+1"]
[Date "2023.08.15"]
[WhiteClock "0:00:37"]
[BlackClock "0:01:18"]
[Board "59"]

1. Nf3 d5 2. g3 Nd7 3. Bg2 e5 4. d3 Ngf6 5. O-O c6 6. Nbd2 Bd6 7. c4 O-O 8. b3 Re8 9. Bb2 d4 10. e3 dxe3 11. fxe3 Nc5 12. Qe2 Bg4 13. h3 Bh5 14. g4 Bg6 15. e4 Ne6 16. Nxe5 Bxe5 17. Bxe5 Nd4 18. Bxd4 Qxd4+ 19. Kh1 Rad8 20. Rf3 Nd7 21. Raf1 Ne5 22. Re3 Nxd3 23. Nf3 Qd7 24. Nh4 Ne5 25. Nf5 Qd2 26. Rf2 Qxe2 27. Rfxe2 h5 28. g5 Rd1+ 29. Re1 Rxe1+ 30. Rxe1 Nd3 31. Rd1 Nf2+ 32. Kg1 Nxd1 33. Kf1 Bxf5 34. exf5 Ne3+ 35. Kf2 Nxg2 36. Kxg2 Re2+ 37. Kf3 Rxa2 0-1


[Site "https://www.chess.com"]

[Event "Titled Tuesday Blitz August 15 Late 2023"]
[White "Fernandez Guillen, Ernesto J."]
[Black "Hristodoulou, Panagiotis"]
[WhiteFideId "3512428"]
[BlackFideId "4214340"]
[WhiteElo "2735"]
[BlackElo "2508"]
[Result "1-0"]
[Round "2"]
[TimeControl "180+1"]
[Date "2023.08.15"]
[WhiteClock "0:00:15"]
[BlackClock "0:00:00"]
[Board "60"]

1. e4 Nf6 2. Nc3 e6 3. Nf3 d5 4. e5 Nfd7 5. d4 c5 6. Ne2 Nc6 7. c3 Be7 8. h4 f6 9. Nf4 Ndb8 10. Bd3 cxd4 11. cxd4 f5 12. h5 b6 13. Be3 Qd7 14. a3 Ba6 15. Bc2 Na5 16. b4 Nc4 17. Ba4 b5 18. Bc2 Bb7 19. g4 fxg4 20. Nd2 Nxe3 21. fxe3 Bg5 22. Qxg4 Bxf4 23. exf4 Nc6 24. Nf3 O-O-O 25. Rc1 Kb8 26. O-O Rdf8 27. Bd3 a6 28. Be2 g6 29. h6 Rf5 30. a4 bxa4 31. b5 axb5 32. Bxb5 Rhf8 33. Bxc6 Bxc6 34. Ng5 Bb5 35. Rf2 Qa7 36. Nxe6 R8f7 37. Nc5 Rc7 38. Rb2 Qa5 39. Rcb1 1-0


[Site "https://www.chess.com"]

[Event "Titled Tuesday Blitz August 15 Late 2023"]
[White "Lobanov, Sergei"]
[Black "Merino Garcia, Rafael II"]
[WhiteFideId "24183750"]
[BlackFideId "2209128"]
[WhiteElo "2734"]
[BlackElo "2486"]
[Result "1-0"]
[Round "2"]
[TimeControl "180+1"]
[Date "2023.08.15"]
[WhiteClock "0:01:15"]
[BlackClock "0:01:02"]
[Board "61"]

1. d4 Nf6 2. c4 e6 3. Nc3 Bb4 4. e3 b6 5. Ne2 Bb7 6. a3 Be7 7. d5 e5 8. e4 O-O 9. Ng3 d6 10. Nf5 g6 11. Nxe7+ Qxe7 12. Bg5 Nbd7 13. h4 h5 14. g4 Qe8 15. Be2 Nxg4 16. Bxg4 hxg4 17. Qxg4 f5 18. Qg2 Nf6 19. h5 Rd8 20. O-O-O Rd7 21. hxg6 Qxg6 22. Rh6 Qg7 23. exf5 Nh7 24. Rg6 1-0


[Site "https://www.chess.com"]

[Event "Titled Tuesday Blitz August 15 Late 2023"]
[White "NigelDwarf"]
[Black "Jaracz, Pawel"]
[BlackFideId "1102222"]
[WhiteElo "2482"]
[BlackElo "2727"]
[Result "0-1"]
[Round "2"]
[TimeControl "180+1"]
[Date "2023.08.15"]
[WhiteClock "0:00:04"]
[BlackClock "0:00:18"]
[Board "62"]

1. Nf3 b5 2. e4 Bb7 3. Bxb5 Bxe4 4. O-O e6 5. Nc3 Bxf3 6. Qxf3 c6 7. Ba4 Nf6 8. d4 Be7 9. Bf4 O-O 10. Rfe1 Qb6 11. Rad1 d5 12. Bb3 Nbd7 13. Na4 Qa5 14. h3 Nb6 15. Nc5 Bxc5 16. dxc5 Qxc5 17. Be5 Nbd7 18. Bd4 Qb4 19. Qg3 a5 20. c3 Qb7 21. Qh4 c5 22. Bxf6 Nxf6 23. Rd3 a4 24. Rg3 Ne4 25. Bc2 f5 26. Bxe4 dxe4 27. f3 exf3 28. Rxe6 Rae8 29. Rxe8 f2+ 30. Kxf2 Rxe8 31. Rf3 Qxb2+ 32. Kg3 g6 33. Qf6 Qb8+ 34. Kh4 Qd8 35. Qxd8 Rxd8 36. Rf2 Rd3 37. Rc2 Kg7 38. g4 Kf6 39. gxf5 g5+ 40. Kg4 c4 41. Rb2 h5+ 42. Kxh5 Rxh3+ 43. Kg4 Rh4+ 44. Kg3 Kxf5 45. Rb4 Re4 46. Rxa4 Re3+ 47. Kf2 Rxc3 48. Rb4 Kf4 49. a4 Rc2+ 50. Ke1 g4 51. Rb8 g3 52. Rf8+ Ke3 53. Rg8 g2 54. Rg3+ Kf4 55. Rg8 c3 56. a5 Rc1+ 57. Kf2 g1=Q+ 58. Rxg1 Rxg1 59. Kxg1 c2 0-1


[Site "https://www.chess.com"]